 Dungeon Crawl Stone Soup version 0.23-a0-350-g6fd5563 (webtiles) character file.

32 Loudmushroom the Shield-Bearer (level 3, -2/23 HPs)
             Began as a Gargoyle Fighter on Oct 20, 2018.
             Slain by a bullfrog (5 damage)
             ... on level 2 of the Dungeon.
             The game lasted 00:04:06 (948 turns).

Loudmushroom the Shield-Bearer (Gargoyle Fighter)    Turns: 948, Time: 00:04:06

Health: -2/23      AC: 10    Str: 20    XL:     3   Next: 25%
Magic:  3/3        EV:  7    Int:  8    God:
Gold:   42         SH:  9    Dex:  9    Spells: 2/2 levels left

rFire    . . .     SeeInvis .   a - +0 war axe
rCold    . . .     Gourm    .   c - +0 shield
rNeg     + . .     Faith    .   b - +0 scale mail
rPois    ∞         Spirit   .   (no helmet)
rElec    +         Reflect  .   (no cloak)
rCorr    .         Harm     .   (no gloves)
MR       .....                  (no boots)
Stlth    ..........             (no amulet)
HPRegen  0.07/turn              (no ring)
MPRegen  0.08/turn              (no ring)

@: no status effects
A: negative energy resistance 1, electricity resistance, unbreathing,
petrification resistance, rot immunity, AC +3
a: no special abilities


You were on level 2 of the Dungeon.
You were not hungry.

You visited 1 branch of the dungeon, and saw 2 of its levels.

You collected 42 gold pieces.

Inventory:

Hand Weapons
 a - a +0 war axe (weapon)
 o - a +0 mace
Missiles
 g - 44 stones (quivered)
 l - 27 sling bullets
Armour
 b - a +0 scale mail (worn)
 c - a +0 shield (worn)
Scrolls
 e - a scroll of noise {unknown}
 h - 2 scrolls of enchant armour {unknown}
 i - 2 scrolls of identify {unknown}
 m - 2 scrolls of remove curse {unknown}
Potions
 d - a potion of might
 k - a potion of agility {unknown}
 n - 2 potions of mutation {unknown}
Comestibles
 f - 5 rations
 j - a chunk of flesh


   Skills:
 + Level 3.6 Fighting
 * Level 2.4 Axes
 + Level 3.6 Armour
 + Level 3.6 Shields


You had 2 spell levels left.
You didn't know any spells.
Your spell library was empty.

Dungeon Overview and Level Annotations

Branches:
Dungeon (2/15)

Altars:


Innate Abilities, Weirdness & Mutations

You are resistant to torment.
Your stone body is resilient. (AC +3)
You are immune to poison.
You resist negative energy. (rN+)
You are resistant to electric shocks. (rElec)
You can survive without breathing.
You are immune to petrification.
You are immune to rotting.


Message History

You hit the dart slug. You block the dart slug's attack.
You block the dart slug's attack.
You see here a worm corpse.
You hit the dart slug.
You kill the dart slug!
You see here a dart slug corpse.
You start resting.
A bullfrog comes into view.
The bullfrog gives a loud, deep croak!
You block the bullfrog's attack.
You closely miss the bullfrog. You block the bullfrog's attack. x2
You hit the bullfrog.
The bullfrog is lightly wounded.
The bullfrog hits you.
* * * LOW HITPOINT WARNING * * *
The bullfrog hits you but does no damage.
You slash the bullfrog!
The bullfrog is heavily wounded.
You block the bullfrog's attack. The bullfrog hits you.
You die...

.# #.# .# #.# .# #.. .#
#.#### ## # .# #.#.. .#
.# .# #.#.####.##..#
.##########.#.#........#
.................†.>...#
.##.#######.#.#.@F.....#
.##.# #.#.#####....#
.##.# #.#.. ...... #####
#.#### .#.## ##. .. .# #
#. # ..


You could see a bullfrog.

Vanquished Creatures
  An adder (D:2)
  A worm (D:2)
  A dart slug (D:2)
  2 leopard geckos
  A ball python (D:1)
  A giant cockroach (D:1)
  3 goblins (D:1)
  2 hobgoblins (D:1)
  A bat (D:1)
  A kobold (D:1)
  A rat (D:1)
15 creatures vanquished.

Notes
Turn   | Place    | Note
-------+----------+-------------------------------------------
     0 | D:1      | Loudmushroom the Gargoyle Fighter began the quest for the
                  | Orb.
     0 | D:1      | Reached XP level 1. HP: 14/14 MP: 1/1
   238 | D:1      | Reached XP level 2. HP: 19/19 MP: 2/2
   834 | D:2      | Reached XP level 3. HP: 23/23 MP: 3/3
   942 | D:2      | Noticed a bullfrog
   948 | D:2      | Slain by a bullfrog

Vault maps used:
D:1:      dpeg_arrival_lava_temple_mockup, minivault_14, minivault_14,
          serial_park_tiny_2
D:2:      old_standard_altar, moated_statue, elyvilon_altar_3, uniq_jessica

Skill      XL: |  1 |
---------------+----+-----
Axes           | 2 |  2.4
Fighting       | |  3.6
Armour         | |  3.6
Shields        | |  3.6

Action                   || total
-------------------------++-------
Melee: War axe           ||    71
Armor: Scale mail        ||    32
Dodge: Dodged            ||    19
Block: Shield            ||    46

Table legend:
 A = Non-vault XP
 B = Vault XP
 C = Vault XP percentage of total XP
 D = Non-vault monster count
 E = Vault monster count
 F = Vault count percentage of total count
                 A         B        C        D         E       F
            +---------+---------+-------+---------+---------+-------
      Total |      46 |       0 |   0.0 |      15 |       0 |   0.0
            +---------+---------+-------+---------+---------+-------
        D:1 |      20 |       0 |   0.0 |      11 |       0 |   0.0
        D:2 |      26 |       0 |   0.0 |       4 |       0 |   0.0
            +---------+---------+-------+---------+---------+-------
